 Dungeon Crawl Stone Soup version 0.26.0-16-gc1dbca0489 (webtiles) character file.

Game seed: 17450870897617805939

2762 kaeus the Covert (level 9, -7/68 HPs)
             Began as a Deep Dwarf Necromancer on Jan 21, 2021.
             Was a Believer of Kikubaaqudgha.
             Mangled by a troll (8 damage)
             ... on level 9 of the Dungeon.
             The game lasted 00:26:09 (11033 turns).

kaeus the Covert (Deep Dwarf Necromancer)          Turns: 11033, Time: 00:26:10

Health: -7/68      AC:  2    Str: 11    XL:     9   Next: 42%
Magic:  4/6        EV: 20    Int: 20    God:    Kikubaaqudgha [**....]
Gold:   260        SH:  0    Dex: 13    Spells: 13/19 levels left

rFire    . . .     SeeInvis .   l - +3 quarterstaff (chaos)
rCold    . . .     Faith    .   (shield currently unavailable)
rNeg     . . .     Spirit   .   a - +0 robe
rPois    .         Reflect  .   (no helmet)
rElec    .         Harm     .   u - scarf {+Inv}
rCorr    .         Rampage  .   (no gloves)
Will     +....                  (no boots)
Stlth    ++++......             (no amulet)
HPRegen  0.00/turn              x - +4 ring of evasion
MPRegen  0.10/turn              (no ring)

@: non-regenerating
A: damage resistance, heal wounds, sense surroundings 2, no regeneration
a: Heal Wounds, Renounce Religion, Evoke Invisibility, Receive Corpses


You were on level 9 of the Dungeon.
You worshipped Kikubaaqudgha.
Kikubaaqudgha was pleased with you.
You visited 2 branches of the dungeon, and saw 11 of its levels.

You collected 764 gold pieces.
You spent 504 gold pieces at shops.

Inventory:

Hand Weapons
 i - a +1 dagger of venom
 l - a +3 quarterstaff of chaos (weapon)
Armour
 a - a +0 robe (worn)
 m - a +0 cloak
 u - a scarf of invisibility (worn)
Jewellery
 x - a +4 ring of evasion (left hand)
 z - an uncursed ring of see invisible
Wands
 r - a wand of digging (6)
 t - a wand of enslavement (8)
 v - a wand of random effects (6)
 E - a wand of flame (11)
Scrolls
 f - 4 scrolls of teleportation {unknown}
 g - 3 scrolls of remove curse {unknown}
 n - 4 scrolls of identify {unknown}
 o - a scroll of immolation {unknown}
 q - 3 scrolls of amnesia {unknown}
 w - a scroll of random uselessness {unknown}
 y - a scroll of holy word {unknown}
 A - a scroll of magic mapping {unknown}
 D - 2 scrolls of blinking {unknown}
 F - a scroll of enchant armour {unknown}
Potions
 b - 2 potions of attraction {unknown}
 c - 2 potions of cancellation {unknown}
 d - 2 potions of resistance
 e - a potion of ambrosia {unknown}
 h - 3 potions of lignification {unknown}
 j - 3 potions of magic {unknown}
 k - 2 potions of flight {unknown}
 p - a potion of might
 s - 3 potions of heal wounds {unknown}
 B - a potion of brilliance {unknown}
 C - 2 potions of curing


   Skills:
 + Level 7.3 Dodging
 + Level 8.7 Stealth
 + Level 5.6 Spellcasting
 + Level 8.3 Necromancy
 * Level 2.0 Evocations


You had 13 spell levels left.
You knew the following spells:

 Your Spells              Type           Power        Failure   Level
a - Pain                  Necr           100%         1%          1
b - Animate Skeleton      Necr           78%          1%          1
c - Animate Dead          Necr           19%          3%          4

Your spell library contained the following spells:

 Spells                   Type           Power        Failure   Level
 Sublimation of Blood     Necr           19%          1%          2
 Vampiric Draining        Necr           19%          1%          3
 Corpse Rot               Necr/Air       N/A          3%          2
 Agony                    Necr           39%          10%         5


Dungeon Overview and Level Annotations

Branches:
Dungeon (10/15)            Temple (1/1) D:5
   Lair: D:8-11         Orc: D:9-12

Altars:
Ashenzari
Cheibriados
Dithmenos
Elyvilon
Fedhas
Gozag
Hepliaklqana
Kikubaaqudgha
Makhleb
Nemelex Xobeh
Okawaru
Qazlal
Ru
Sif Muna
Trog
Uskayaw
Vehumet
Wu Jian
Xom
Yredelemnul
Zin
The Shining One

Shops:
D:6 *

Annotations:
D:7 Maggie


Innate Abilities, Weirdness & Mutations

You are resistant to damage.
You can heal yourself by infusing magical energy.
You passively map the area around you.
You do not regenerate.


Message History

* * * LOW HITPOINT WARNING * * *
The troll claws you.
* * * LOW HITPOINT WARNING * * *
The troll barely misses you.
You take 16 damage, and have 8/68 hp.
MASSIVE DAMAGE!!
You barely miss the troll.
The troll is moderately wounded.
The troll misses you. x3
You barely miss the troll.
The troll is moderately wounded.
The troll closely misses you. The troll claws you!
* * * LOW HITPOINT WARNING * * *
The troll misses you.
You take 7 damage, and have 1/68 hp.
You barely miss the troll.
The troll is moderately wounded.
The troll completely misses you. The troll closely misses you.
The troll claws you!
You die...
Kikubaaqudgha rasps: "You have failed me!
Welcome... death!"

..### , , ,* #.#.. ,,, *,
#.#.### ,,, * * #.#.#.+,,
, , ,,#.#.#.# ,, , , * *
###.#.#.# ,, ..#.#.#.# ,
..#.#.#.##########
<..............T@########
.######.###.............#
......#.# #...).........#
#####.#.# #.............#
#.#.# #.............#
#(#.# ######'#########
#####.#.# #.........#
..)†..#.# #########.#
#######.########.....).#.#


You could see a troll.

Vanquished Creatures
  Grinder (D:3)
  2 orc warriors
  A sky beast (D:6)
  3 ogres
  A centaur (D:7)
  A gnoll sergeant (D:8)
  A bullfrog (D:6)
  2 scorpions
  6 wights
  2 howler monkeys
  A quasit (D:8)
  A centaur zombie (D:6)
  8 orc wizards
  A gnoll shaman (D:9)
  5 orc priests
  Crazy Yiuf (D:2)
  4 hounds
  A jelly (D:7)
  2 iguanas
  A bullfrog skeleton (D:6)
  6 worker ants
  A worker ant zombie (D:7)
  14 adders
  11 gnolls
  2 shadow imps
  2 white imps (D:7)
  2 ufetubi
  2 oozes
  2 adder skeletons
  6 worms
  4 leopard geckos
  41 orcs
  4 bats
  3 giant cockroaches
  6 goblins
  13 hobgoblins
  6 jackals
  2 quokkas
  4 ball pythons
  7 frilled lizards
  8 kobolds
  A quokka skeleton (D:5)
  7 rats
199 creatures vanquished.

Vanquished Creatures (collateral kills)
  A howler monkey (D:7)
  An orc (D:4)
2 creatures vanquished.

Vanquished Creatures (others)
  A fungus (D:2)
1 creature vanquished.

Grand Total: 202 creatures vanquished

Notes
Turn   | Place    | Note
-------+----------+-------------------------------------------
     0 | D:1      | kaeus the Deep Dwarf Necromancer began the quest for the
                  | Orb.
     0 | D:1      | Reached XP level 1. HP: 15/15 MP: 3/3
   265 | D:1      | Reached XP level 2. HP: 22/22 MP: 0/4
  1394 | D:2      | Reached XP level 3. HP: 19/28 MP: 3/6
  1396 | D:2      | Learned a level 1 spell: Animate Skeleton
  1434 | D:2      | Found a stormy altar of Qazlal.
  2339 | D:2      | Found a hide-covered altar of Uskayaw.
  2356 | D:2      | Reached XP level 4. HP: 33/36 MP: 0/7
  2499 | D:2      | Found a runed translucent door.
  2501 | D:2      | Noticed Crazy Yiuf
  2564 | D:2      | Killed Crazy Yiuf
  2565 | D:2      | Reached skill level 5 in Necromancy
  2667 | D:3      | Found a blossoming altar of Fedhas.
  2875 | D:3      | Reached XP level 5. HP: 19/42 MP: 4/8
  3251 | D:3      | Learned a level 4 spell: Animate Dead
  3789 | D:3      | Noticed Grinder
  3801 | D:3      | Paralysed by Grinder for 2 turns
  3820 | D:3      | Paralysed by Grinder for 5 turns
  3825 | D:3      | Killed Grinder
  3826 | D:3      | Reached skill level 5 in Stealth
  3826 | D:3      | Reached XP level 6. HP: 29/49 MP: 9/9
  4211 | D:4      | Reached XP level 7. HP: 53/55 MP: 6/11
  4995 | D:5      | Entered Level 5 of the Dungeon
  5110 | D:5      | Found a staircase to the Ecumenical Temple.
  5121 | Temple   | Entered the Ecumenical Temple
  5265 | Temple   | Became a worshipper of Kikubaaqudgha
  5430 | D:5      | You fall into a shaft and drop 3 floors!
  5550 | D:8      | Reached skill level 5 in Dodging
  6252 | D:5      | Reached XP level 8. HP: 30/62 MP: 0/7
  7267 | D:6      | Found a shimmering altar of Xom.
  7311 | D:6      | Reached * piety under Kikubaaqudgha
  7311 | D:6      | Identified Kikubaaqudgha's Tome of Black Rites
                  | (Kikubaaqudgha gifted it to you on level 6 of the Dungeon)
  7311 | D:6      | Received a gift from Kikubaaqudgha
  7470 | D:6      | Found a shimmering altar of Xom.
  7713 | D:6      | Found a shadowy altar of Dithmenos.
  8057 | D:6      | Found Cetua's General Store.
  8066 | D:6      | Bought a +4 ring of evasion for 504 gold pieces
  8387 | D:7      | Reached skill level 5 in Spellcasting
  8717 | D:7      | Gained mutation: You passively map the area around you.
                  | [Deep Dwarf growth]
  8717 | D:7      | Reached XP level 9. HP: 51/64 MP: 2/7
  8998 | D:7      | Found a blossoming altar of Fedhas.
  8999 | D:7      | Found a shimmering blue altar of Sif Muna.
  9454 | D:7      | Reached ** piety under Kikubaaqudgha
  9568 | D:7      | Noticed Maggie
 10403 | D:8      | Found a radiant altar of Vehumet.
 10654 | D:9      | Reached skill level 1 in Evocations
 10952 | D:9      | Noticed a troll
 11026 | D:10     | Entered Level 10 of the Dungeon
 11032 | D:9      | HP: 1/68 [troll (7)]
 11033 | D:9      | Mangled by a troll

Illustrated notes

Levels and vault maps discovered:
D:1:      denvon_arrival_planthouse, layout_basic, serial_glass,
          glass_columns_b, glass_columns_c
D:2:      layout_basic, general_overflow_altar, old_standard_altar,
          uniq_crazy_yiuf_cottage
D:3:      layout_loops_ring, st_stairs_4, fedhas_altar_1, uniq_grinder
D:4:      layout_loops_ring, serial_glass, glass_columns_b, glass_columns_b
D:5:      layout_loops_ring, minmay_temple_entry_ruins
D:6:      minmay_chambers_of_sixes, layout_cave_pools, kennysheep_mini,
          xom_redecorated, serial_shops, shop_statue
D:7:      layout_gridville, gammafunk_temple_overflow_pools, uniq_maggie
D:8:      layout_loops_corners, vehumet_crystals
D:9:      layout_basic, orc_0_dummy, uniq_maurice, uniq_erica
D:10:     minmay_the_grid_triangle_9x9_rhombus_thin_mashed
          [minmay_the_grid_triangle_9x9_windchime,
          minmay_the_grid_triangle_9x9_prize_top_heavy,
          minmay_the_grid_triangle_9x9_fully_insulated_deathbox,
          minmay_the_grid_triangle_9x9_alien], layout_rooms, dpeg_oklobed_lair,
          nicolae_trove_entry_free_sample, chequers_serial_rivers_marsh,
          hangedman_pestilent_swarm, st_stairs_4
Temple:   regret_index_temple_waves

Skill      XL: |  1  2  3  4  5  6  7  8  9 |
---------------+----------------------------+-----
Spellcasting   | 2 3 4 5 |  5.6
Stealth        | 3 4 5 6 8 |  8.7
Dodging        | 3 4 5 6 7 |  7.3
Necromancy     | 5 6 7 8 |  8.3
Evocations     | 2 |  2.0

Action                   |  1- 3 |  4- 6 |  7- 9 || total
-------------------------+-------+-------+-------++-------
Melee: Unarmed           |     6 |       |       ||     6
       Dagger            |    31 |     4 |       ||    35
       Quarterstaff      |       |    49 |   311 ||   360
 Cast: Pain              |    65 |    55 |   178 ||   298
       Animate Skeleton  |       |     6 |     3 ||     9
       Animate Dead      |       |     3 |     4 ||     7
Invok: Receive Corpses   |       |       |     2 ||     2
 Abil: Heal Wounds       |     2 |     6 |    40 ||    48
 Stab: Sleeping          |       |       |     4 ||     4
       Distracted        |       |       |     1 ||     1
Armor: Robe              |     2 |     9 |    41 ||    52
Dodge: Dodged            |    12 |    34 |   372 ||   418
